 Dungeon Crawl Stone Soup version 0.31.0-32-g396128a36d (webtiles) character file.

Game seed: 15435760103306641072

367 PaiMei the Grave Robber (level 6, -1/46 HPs)
             Began as a Demonspawn Necromancer on Apr 22, 2024.
             Killed from afar by a white imp (10 damage)
             ... with a puff of frost
             ... summoned by Eustachio
             ... on level 4 of the Dungeon.
             The game lasted 00:04:55 (4561 turns).

PaiMei the Grave Robber (Demonspawn Necromancer)    Turns: 4561, Time: 00:04:56

Health: -1/46      AC:  2    Str:  8    XL:     6   Next: 41%
Magic:  1/11       EV: 13    Int: 19    God:
Gold:   260        SH:  0    Dex: 14    Spells: 8/12 levels left

rFire   . . .        p - +2 whip (freeze)
rCold   . . .        (no shield)
rNeg    . . .        a - +0 robe
rPois   .            (helmet restricted)
rElec   .            (no cloak)
rCorr   .            (no gloves)
SInv    .            (no boots)
Will    .....        (no amulet)
Stlth   ++           (no ring)
HPRegen 0.27/turn    (no ring)
MPRegen 0.12/turn

%: no passive effects
@: no status effects
A: horns 1, big brain 1
a: no special abilities


You were on level 4 of the Dungeon.
You visited 1 branch of the dungeon, and saw 4 of its levels.

You collected 260 gold pieces.

Inventory:

Hand Weapons
 c - a +0 spear
 p - a +2 whip of freezing (weapon)
Missiles
 f - 3 poisoned darts (quivered)
Armour
 a - a +0 robe (worn)
Jewellery
 k - a ring of fire
 m - an amulet of guardian spirit
 t - a ring of willpower
Scrolls
 e - 2 scrolls of revelation {unknown}
 g - 2 scrolls of enchant armour {unknown}
 i - 2 scrolls of teleportation {unknown}
 l - a scroll of summoning {unknown}
 o - 2 scrolls of fog {unknown}
 q - a scroll of blinking {unknown}
 s - 2 scrolls of identify {unknown}
 w - a scroll of noise {unknown}
Potions
 b - a potion of magic
 d - 2 potions of might {unknown}
 h - 2 potions of heal wounds
 j - a potion of degeneration {unknown}
 n - a potion of cancellation {unknown}
 r - a potion of haste {unknown}
 u - 2 potions of curing {unknown}
 v - a potion of ambrosia {unknown}


   Skills:
 + Level 2.8 Fighting
 + Level 3.4 Dodging
 - Level 2.0 Stealth
 + Level 3.5 Spellcasting
 + Level 5.7 Necromancy


You had 8 spell levels left.
You knew the following spells:

 Your Spells              Type           Power      Damage    Failure   Level
a - Necrotise             Necr           100%       1d9       1%          1
b - Vampiric Draining     Necr           25%        2d7       4%          3

Your spell library contained the following spells:

 Spells                   Type           Power      Damage    Failure   Level
 Animate Dead             Necr           25%        N/A       14%         4
 Curse of Agony           Necr           25%        N/A       36%         5
 Frozen Ramparts          Ice            6%         1d1       41%         3
 Leda's Liquefaction      Alch/Erth      1%         N/A       82%         4
 Petrify                  Alch/Erth      3%         N/A       82%         4
 Metabolic Englaciation   Hex/Ice        1%         N/A       99%         5


Dungeon Overview and Level Annotations

Branches:
Dungeon (4/15)
 Temple: D:4-7

Altars:

Annotations:
D:4 Eustachio, Sigmund


Innate Abilities, Weirdness & Mutations

You have a pair of small horns on your head.
You have an unusually large brain. (Int +2)


Message History

Your orc skeleton crumbles into dust!
Eustachio mumbles some strange words.
Eustachio blinks!
Eustachio casts a spell.
Eustachio blinks!
Sigmund gestures wildly while chanting.
Sigmund flickers and vanishes!
Deactivating autopickup; reactivate with Ctrl-A.
Eustachio closely misses you.
Casting: Vampiric Draining (dangerous; 4% risk of failure)
Confirm with . or Enter, or press ? or * to list all spells.
Aiming: Vampiric Draining (dangerous; 4% risk of failure)
Press: ? - help, Shift-Dir - straight line, f/p - Eustachio
Aim: Eustachio, wielding a +0 rapier and wearing a +0 leather armour (heavily wounded)
You draw life force from Eustachio!
You are confused.
Eustachio casts a spell.
You're too confused to cast spells.
The white imp hits you. The white imp freezes you.
Eustachio hits you with a +0 rapier.
A goblin comes into view. It is wielding a +0 dagger.
The goblin shouts!
You hear some strange, mumbled words.
Something tries to affect you, but you resist.
Something hits you! The white imp gestures at you. The puff of frost hits you!
Eustachio hits you with a +0 rapier.
* * * LOW HITPOINT WARNING * * *
The shadow imp grins evilly.
The white imp completely misses you.
You're too confused to cast spells.
You closely miss Eustachio.
Eustachio is almost dead.
You feel less confused. Eustachio hits you but does no damage.
The shadow imp hits you.
* * * LOW HITPOINT WARNING * * *
Something barely misses you. The shadow imp barely misses you.
The white imp gestures at you. The puff of frost hits you!
You die...

.## #.....# #.## ## ##.####
#..# # #.# ###..##
####.####.....####. #
#................... #
.................... ##
...♣..$♣.♣.♣...♣.♣.♣. .##
.........@........... ..##
.....g...@5...........
...####.........55...........
.............♣...♣.♣.♣...♣.♣.
.....$.####..................
.....### #..................
..†...# ##########...###...
......## ##..## .
.......############..##
........##..........##


You could see Eustachio, a white imp (summoned), 2 shadow imps and a goblin.

Vanquished Creatures
  2 scorpions (D:4)
  A bombardier beetle (D:4)
  A hound (D:4)
  An iguana (D:4)
  5 adders
  4 ribbon worms
  A dart slug (D:1)
  3 orcs
  9 ball pythons
  9 bats
  9 endoplasms
  3 giant cockroaches
  5 hobgoblins
  6 jackals (D:1)
  6 quokkas
  5 frilled lizards
  5 goblins
  13 kobolds
  6 rats
94 creatures vanquished.

Vanquished Creatures (collateral kills)
  A dart slug (D:2)
  2 endoplasms
3 creatures vanquished.

Grand Total: 97 creatures vanquished

Notes
Turn   | Place    | Note
-------+----------+-------------------------------------------
     0 | D:1      | PaiMei the Demonspawn Necromancer began the quest for the
                  | Orb.
     0 | D:1      | Reached XP level 1. HP: 13/13 MP: 3/3
   278 | D:1      | Gained mutation: You have an unusually large brain. (Int
                  | +2) [demonic ancestry]
   278 | D:1      | Reached XP level 2. HP: 19/19 MP: 1/5
   965 | D:1      | Reached XP level 3. HP: 15/25 MP: 1/6
   969 | D:1      | Learned a level 3 spell: Vampiric Draining
  1155 | D:1      | Reached skill level 1 in Fighting
  1780 | D:2      | Reached XP level 4. HP: 27/32 MP: 1/7
  2215 | D:2      | Reached skill level 5 in Necromancy
  3296 | D:3      | Reached XP level 5. HP: 34/38 MP: 2/9
  4072 | D:4      | Gained mutation: You have a pair of small horns on your
                  | head. [demonic ancestry]
  4072 | D:4      | Reached XP level 6. HP: 46/46 MP: 4/11
  4169 | D:4      | Noticed Eustachio
  4516 | D:4      | Noticed Sigmund
  4561 | D:4      | Killed from afar by a white imp

Illustrated notes

Levels and vault maps discovered:
D:1:      ldierk_walled_garden_2, layout_basic, minmay_split_cup_small
D:2:      layout_basic, minmay_quadrilaterals
D:3:      layout_rooms, hangedman_decor_clover_reticule,
          chequers_serial_rivers_room_b
D:4:      layout_cave_pods, serial_park, serial_park_fountain,
          serial_park_avenue1, serial_park_tiny_pond, serial_park_tiny_pond,
          serial_park_tiny_pond, serial_park_square2, uniq_sigmund,
          uniq_eustachio

Skill      XL: |  1  2  3  4  5 |
---------------+----------------+-----
Stealth        | 2 |  2.0
Dodging        | 2 3 |  3.4
Fighting       | 1 2 |  2.8
Necromancy     | 5 |  5.7
Spellcasting   | 3 |  3.5

Action                     |  1- 3 |  4- 6 || total
---------------------------+-------+-------++-------
  Melee: Spear             |    47 |     3 ||    50
         Whip              |       |    16 ||    16
         Headbutt          |       |     1 ||     1
   Cast: Necrotise         |    70 |   109 ||   179
         Vampiric Draining |       |     9 ||     9
    Use: Potion            |       |     1 ||     1
 Armour: Robe              |    40 |    39 ||    79
  Dodge: Dodged            |    59 |    41 ||   100
